IL
GWINNETT BRAVES @ NORFOLK TIDES
06/25/2098
 
TOP OF THE 1ST
Gwinnett Braves batting - Pitching for Norfolk Tides : LHP Jamari Shaw
Pitching: LHP Jamari Shaw
Batting: LHB Rob Swope 0-0: Ball
1-0: Ball
2-0: Called Strike
2-1: SINGLE (Line Drive, 4M, EV 98.8 MPH)
Batting: RHB Ryan Carrier 0-0: Ball
Rob Swope steals 2nd base
1-0: Called Strike
1-1: Foul Ball, location: 9LSF
1-2: Foul Ball, location: 3FF
1-2: Foul Ball, location: 3DF
1-2: Ball
2-2: SINGLE (Groundball, 4D, EV 102.5 MPH)
Rob Swope to third
Runner from 3rd tries for Home, SAFE, throw by CF to home
Batting: LHB Casey Faler 0-0: Ball
1-0: Ball
2-0: Called Strike
Ryan Carrier is caught stealing 2nd base 2-6
2-1: Foul Ball, location: 2F
2-2: Foul Ball, location: 2F
2-2: Fly out, F8 (Flyball, 8LM, EV 100.6 MPH)
Batting: RHB Arthur Dennis 0-0: Called Strike
0-1: SINGLE (Groundball, 4MD, EV 98.8 MPH)
Batting: LHB Colin Garton 0-0: Foul Ball, location: 7LMF
0-1: Ground out 4-3 (Groundball, 4, EV 83.1 MPH)
Top of the 1st over - 1 run, 3 hits, 0 errors, 1 left on base; Gwinnett 1 - Norfolk 0
BOTTOM OF THE 1ST
Norfolk Tides batting - Pitching for Gwinnett Braves : RHP David Hedblom
Pitching: RHP David Hedblom
Batting: LHB Andres Lopez 0-0: Fly out, F8 (Flyball, 8LM, EV 98.1 MPH)
Batting: RHB Lloyd Hallamore 0-0: Ball
1-0: Ball
2-0: Called Strike
2-1: Ground out 5-3 (Groundball, 5, EV 98.8 MPH)
Batting: RHB Eliezer Frias 0-0: Foul Ball, location: 23F
0-1: SINGLE (Line Drive, 34D, EV 98.8 MPH)
Batting: LHB Kevin Traynham Pickoff Throw to First - Out! 1-3 CS
Bottom of the 1st over - 0 runs, 1 hit, 0 errors, 0 left on base; Gwinnett 1 - Norfolk 0
TOP OF THE 2ND
Gwinnett Braves batting - Pitching for Norfolk Tides : LHP Jamari Shaw
Batting: RHB Jorge Figueira 0-0: Ball
1-0: Ball
2-0: Ball
3-0: Base on Balls
Batting: RHB Jake Cummings 0-0: SINGLE (Groundball, 34D, EV 106.9 MPH)
Jorge Figueira to second
Runner from 2nd tries for 3rd, SAFE, no throw by RF
Batting: LHB John Simon 0-0: Foul Ball, location: 23F
0-1: Ball
1-1: Grounds into double play, 6-4-3 (Groundball, 6, EV 84.4 MPH)
Jorge Figueira scores
Batting: RHB Eduardo Pabon 0-0: Ball
1-0: Ball
2-0: Fly out, F7 (Flyball, 7LMF, EV 91.9 MPH)
Top of the 2nd over - 1 run, 1 hit, 0 errors, 0 left on base; Gwinnett 2 - Norfolk 0
BOTTOM OF THE 2ND
Norfolk Tides batting - Pitching for Gwinnett Braves : RHP David Hedblom
Batting: LHB Kevin Traynham 0-0: Ball
1-0: Ball
2-0: Ball
3-0: Called Strike
3-1: Fly out, F8 (Flyball, 8RXD, EV 95.0 MPH)
Batting: RHB Tom Swierczewski 0-0: Called Strike
0-1: Reached on error, E5 (Groundball, 56S, EV 66.3 MPH)
Batting: RHB Pedro Jimenez 0-0: SINGLE (Line Drive, 3D, EV 104.4 MPH)
Tom Swierczewski to second
Runner from 2nd tries for 3rd, SAFE, no throw by RF
Batting: RHB Aaron Rego 0-0: Foul Ball, location: 9LDF
0-1: Ball
1-1: Swinging Strike
1-2: SINGLE (Line Drive, 9S, EV 98.8 MPH)
Tom Swierczewski scores
Pedro Jimenez to second
Batting: RHB Evan Keaton 0-0: Foul Ball, location: 9LSF
0-1: Called Strike
0-2: Ball
1-2: Ball
2-2: Strikes out looking
Batting: LHB Julio Elorza 0-0: Ball
1-0: Ground out 6-3 (Groundball, P, EV 77.5 MPH)
Bottom of the 2nd over - 1 run, 2 hits, 1 error, 2 left on base; Gwinnett 2 - Norfolk 1
TOP OF THE 3RD
Gwinnett Braves batting - Pitching for Norfolk Tides : LHP Jamari Shaw
Batting: LHB Rob Swope 0-0: Swinging Strike
0-1: Ball
1-1: Swinging Strike
1-2: Ball
2-2: Strikes out looking
Batting: RHB Ryan Carrier 0-0: Ball
1-0: Called Strike
1-1: Ground out U3 (Groundball, 34, EV 103.1 MPH)
Batting: LHB Casey Faler 0-0: Called Strike
0-1: Swinging Strike
0-2: Ball
1-2: Strikes out swinging
Top of the 3rd over - 0 runs, 0 hits, 0 errors, 0 left on base; Gwinnett 2 - Norfolk 1
BOTTOM OF THE 3RD
Norfolk Tides batting - Pitching for Gwinnett Braves : RHP David Hedblom
Batting: LHB Andres Lopez 0-0: Foul Ball, location: 5SF
0-1: DOUBLE (Line Drive, 7LM, EV 102.5 MPH)
Batting: RHB Lloyd Hallamore 0-0: Ball
1-0: Swinging Strike
1-1: Ball
2-1: Called Strike
2-2: Ball
3-2: Base on Balls
Batting: RHB Eliezer Frias 0-0: Swinging Strike
0-1: Ball
1-1: SINGLE (Groundball, 6MD, EV 110.0 MPH)
Andres Lopez to third
Lloyd Hallamore to second
Runner from 3rd tries for Home, SAFE, throw by CF to home
Batting: LHB Kevin Traynham 0-0: Ball
1-0: Ball
2-0: Called Strike
2-1: Ball
3-1: Base on Balls
Lloyd Hallamore to third
Eliezer Frias to second
Batting: RHB Tom Swierczewski 0-0: Foul Ball, location: 2F
0-1: Ball
1-1: Ball
2-1: Fly out, F8 (Flyball, 8RD, EV 98.1 MPH)
Runner from 3rd tags up, SCORES, no throw by CF
Batting: RHB Pedro Jimenez 0-0: Ball
1-0: Foul Ball, location: 2F
1-1: Fly out, F8 (Flyball, 89D, EV 88.1 MPH)
Batting: RHB Aaron Rego 0-0: Ground out 6-3 (Groundball, 6S, EV 77.5 MPH)
Bottom of the 3rd over - 2 runs, 2 hits, 0 errors, 2 left on base; Gwinnett 2 - Norfolk 3
TOP OF THE 4TH
Gwinnett Braves batting - Pitching for Norfolk Tides : LHP Jamari Shaw
Batting: RHB Arthur Dennis 0-0: Ball
1-0: Ball
2-0: Foul Ball, location: 2F
2-1: SINGLE (Groundball, 23, EV 75.0 MPH) (infield hit)
Batting: LHB Colin Garton 0-0: Ball
1-0: Called Strike
1-1: Ball
2-1: Grounds into double play, 5-4-3 (Groundball, 5L, EV 82.5 MPH)
Batting: RHB Jorge Figueira 0-0: Ball
1-0: Called Strike
1-1: Swinging Strike
1-2: Strikes out swinging
Top of the 4th over - 0 runs, 1 hit, 0 errors, 0 left on base; Gwinnett 2 - Norfolk 3
BOTTOM OF THE 4TH
Norfolk Tides batting - Pitching for Gwinnett Braves : RHP David Hedblom
Batting: RHB Evan Keaton 0-0: Foul Ball, location: 2F
0-1: Ball
1-1: Swinging Strike
1-2: Strikes out looking
Batting: LHB Julio Elorza 0-0: SINGLE (Groundball, 6M, EV 101.3 MPH) (infield hit)
Batting: LHB Andres Lopez 0-0: Fielders Choice at 2nd, 5-4 (Groundball, 56S, EV 86.3 MPH)
Batting: RHB Lloyd Hallamore 0-0: Swinging Strike
0-1: Foul Ball, location: 2F
0-2: Foul Ball, location: 3FF
0-2: Ball
1-2: Strikes out looking
Bottom of the 4th over - 0 runs, 1 hit, 0 errors, 1 left on base; Gwinnett 2 - Norfolk 3
TOP OF THE 5TH
Gwinnett Braves batting - Pitching for Norfolk Tides : LHP Jamari Shaw
Batting: RHB Jake Cummings 0-0: Ball
1-0: Swinging Strike
1-1: Ground out 6-3 (Groundball, 6, EV 93.1 MPH)
Batting: LHB John Simon 0-0: Ball
1-0: Swinging Strike
1-1: Foul Ball, location: 7LSF
1-2: Ball
2-2: Ground out 4-3 (Groundball, 4, EV 105.6 MPH)
Batting: RHB Eduardo Pabon 0-0: Ground out 6-3 (Groundball, 6, EV 82.5 MPH)
Top of the 5th over - 0 runs, 0 hits, 0 errors, 0 left on base; Gwinnett 2 - Norfolk 3
BOTTOM OF THE 5TH
Norfolk Tides batting - Pitching for Gwinnett Braves : RHP David Hedblom
Batting: RHB Eliezer Frias 0-0: Ball
1-0: Ball
2-0: Called Strike
2-1: Swinging Strike
2-2: Foul Ball, location: 7LMF
2-2: Ball
3-2: Foul Ball, location: 2RF
3-2: Strikes out swinging
Batting: LHB Kevin Traynham 0-0: Called Strike
0-1: Foul Ball, location: 3FF
0-2: Ball
1-2: Foul Ball, location: 3F
1-2: Strikes out swinging
Batting: RHB Tom Swierczewski 0-0: Ball
1-0: Ball
2-0: Called Strike
2-1: Ball
3-1: SINGLE (Line Drive, 6D, EV 101.3 MPH)
Batting: RHB Pedro Jimenez 0-0: Ball
1-0: Fly out, F9 (Flyball, 9LD, EV 94.4 MPH)
Bottom of the 5th over - 0 runs, 1 hit, 0 errors, 1 left on base; Gwinnett 2 - Norfolk 3
TOP OF THE 6TH
Gwinnett Braves batting - Pitching for Norfolk Tides : LHP Jamari Shaw
Batting: LHB Rob Swope 0-0: Ball
1-0: Called Strike
1-1: Ball
2-1: Ball
3-1: Foul Ball, location: 2F
3-2: Strikes out swinging
Batting: RHB Ryan Carrier 0-0: Called Strike
0-1: Swinging Strike
0-2: Foul Ball, location: 2F
0-2: Ball
1-2: Foul Ball, location: 3FF
1-2: SINGLE (Groundball, 6MD, EV 105.0 MPH)
Batting: LHB Casey Faler 0-0: Ball
1-0: Called Strike
1-1: Fly out, F8 (Flyball, 78XD, EV 106.9 MPH)
Batting: RHB Arthur Dennis 0-0: Called Strike
0-1: Foul Ball, location: 5F
0-2: Ground out 4-3 (Groundball, 34D, EV 100.0 MPH)
Top of the 6th over - 0 runs, 1 hit, 0 errors, 1 left on base; Gwinnett 2 - Norfolk 3
BOTTOM OF THE 6TH
Norfolk Tides batting - Pitching for Gwinnett Braves : RHP David Hedblom
Batting: RHB Aaron Rego 0-0: Called Strike
0-1: Ball
1-1: Single, Error in OF, E8, batter to second base (Groundball, 6MD, EV 99.4 MPH)
Batting: RHB Evan Keaton 0-0: Ball
1-0: Ball
2-0: Called Strike
2-1: Called Strike
2-2: Strikes out swinging
Batting: LHB Julio Elorza 0-0: Called Strike
0-1: Foul Ball, location: 2F
0-2: Ball
1-2: Strikes out looking
Batting: LHB Andres Lopez 0-0: Called Strike
0-1: Foul Ball, location: 2F
0-2: Ball
1-2: Strikes out swinging
Bottom of the 6th over - 0 runs, 1 hit, 1 error, 1 left on base; Gwinnett 2 - Norfolk 3
TOP OF THE 7TH
Gwinnett Braves batting - Pitching for Norfolk Tides : LHP Jamari Shaw
Pinch Hitting: RHB Jonathan Allen 0-0: Ball
1-0: Called Strike
1-1: Ball
2-1: SINGLE (Groundball, 3D, EV 103.1 MPH)
Batting: RHB Jorge Figueira 0-0: Grounds into double play, 1-6-3 (Groundball, 13S, EV 68.1 MPH)
Batting: RHB Jake Cummings 0-0: Called Strike
0-1: Fly out, F7 (Flyball, 78M, EV 87.5 MPH)
Top of the 7th over - 0 runs, 1 hit, 0 errors, 0 left on base; Gwinnett 2 - Norfolk 3
BOTTOM OF THE 7TH
Norfolk Tides batting - Pitching for Gwinnett Braves : RHP David Hedblom
Now at 2B: Arthur Dennis
Now at 3B: Jonathan Allen
Batting: RHB Lloyd Hallamore 0-0: Foul Ball, location: 23F
0-1: Called Strike
0-2: Ball
1-2: Ground out 5-3 (Groundball, 56, EV 103.8 MPH)
Batting: RHB Eliezer Frias 0-0: Ball
1-0: Ground out 5-3 (Groundball, 5S, EV 76.3 MPH)
Batting: LHB Kevin Traynham 0-0: Called Strike
0-1: Swinging Strike
0-2: Strikes out swinging
Bottom of the 7th over - 0 runs, 0 hits, 0 errors, 0 left on base; Gwinnett 2 - Norfolk 3
TOP OF THE 8TH
Gwinnett Braves batting - Pitching for Norfolk Tides : LHP Jamari Shaw
Now at 1B: Mike Mynhier
Batting: LHB John Simon 0-0: Ball
1-0: Ball
2-0: Called Strike
2-1: Fly out, F8 (Flyball, 89D, EV 105.0 MPH)
Batting: RHB Eduardo Pabon 0-0: Ball
1-0: Ball
2-0: Ground out 4-3 (Groundball, 4S, EV 61.9 MPH)
Pinch Hitting: RHB Nate Kovar 0-0: Ball
1-0: Ball
2-0: Ball
3-0: Ground out 1-3 (Groundball, 15S, EV 54.4 MPH)
Top of the 8th over - 0 runs, 0 hits, 0 errors, 0 left on base; Gwinnett 2 - Norfolk 3
BOTTOM OF THE 8TH
Norfolk Tides batting - Pitching for Gwinnett Braves : RHP David Hedblom
Pitching: RHP Mark Weeks
Now in RF: Josh Burrowes
Batting: RHB Tom Swierczewski 0-0: Ball
1-0: DOUBLE (Line Drive, 7LS, EV 95.0 MPH)
Batting: RHB Pedro Jimenez 0-0: Ball
1-0: Ground out 6-3 (Groundball, 56, EV 82.5 MPH)
Tom Swierczewski to third
Batting: RHB Aaron Rego 0-0: Ball
1-0: Called Strike
1-1: Swinging Strike
1-2: Strikes out swinging
Batting: RHB Evan Keaton 0-0: Foul Ball, location: 25F
0-1: Foul Ball, location: 23FF
0-2: Ball
1-2: SINGLE (Groundball, 4MD, EV 107.5 MPH)
Tom Swierczewski scores
Batting: LHB Julio Elorza 0-0: Swinging Strike
0-1: Foul Ball, location: 2F
0-2: Fly out, F8 (Flyball, 8LD, EV 99.4 MPH)
Bottom of the 8th over - 1 run, 2 hits, 0 errors, 1 left on base; Gwinnett 2 - Norfolk 4
TOP OF THE 9TH
Gwinnett Braves batting - Pitching for Norfolk Tides : LHP Jamari Shaw
Batting: RHB Ryan Carrier 0-0: Ball
1-0: Ball
2-0: Called Strike
2-1: Ball
3-1: Base on Balls
Batting: LHB Casey Faler 0-0: Ball
1-0: Ball
2-0: Ball
3-0: Called Strike
3-1: Swinging Strike
3-2: Foul Ball, location: 2F
3-2: Strikes out swinging
Batting: RHB Arthur Dennis 0-0: Foul Ball, location: 9LMF
0-1: Foul Ball, location: 9LMF
0-2: Ball
1-2: Ball
2-2: Ball
3-2: SINGLE (Line Drive, 6M, EV 94.4 MPH)
Ryan Carrier to second
Batting: RHB Jonathan Allen 0-0: Ball
1-0: DOUBLE (Groundball, 5L, EV 106.3 MPH)
Ryan Carrier scores
Arthur Dennis to third
Runner from 3rd tries for Home, SAFE, throw by LF to home
Batting: RHB Jorge Figueira 0-0: Intentional Walk
Batting: RHB Jake Cummings 0-0: Fielders Choice at 2nd, 4-6 (Groundball, 4MD, EV 97.5 MPH)
Jonathan Allen to third
Pinch Hitting: RHB Joe Henkels 0-0: Fielders Choice at 2nd, 6-4 (Groundball, 6, EV 86.3 MPH)
Top of the 9th over - 2 runs, 2 hits, 0 errors, 2 left on base; Gwinnett 4 - Norfolk 4
BOTTOM OF THE 9TH
Norfolk Tides batting - Pitching for Gwinnett Braves : RHP Mark Weeks
Now at C: Bobby Troutt
Batting: LHB Andres Lopez 0-0: Called Strike
0-1: Ball
1-1: Swinging Strike
1-2: Ball
2-2: Strikes out swinging
Pinch Hitting: SHB Jarrett Crawford 0-0: Called Strike
0-1: Foul Ball, location: 25FF
0-2: Ball
1-2: Ball
2-2: Foul Ball, location: 2F
2-2: Fly out, F2 (Popup, 2LF, EV 90.0 MPH)
Batting: RHB Eliezer Frias 0-0: Called Strike
0-1: DOUBLE (Line Drive, 7LM, EV 103.8 MPH)
Batting: SHB Mike Mynhier 0-0: Intentional Walk
Batting: RHB Tom Swierczewski 0-0: Called Strike
0-1: Ball
1-1: Called Strike
1-2: Foul Ball, location: 5F
1-2: Strikes out swinging
Bottom of the 9th over - 0 runs, 1 hit, 0 errors, 2 left on base; Gwinnett 4 - Norfolk 4
TOP OF THE 10TH
Gwinnett Braves batting - Pitching for Norfolk Tides : LHP Jamari Shaw
Bobby Troutt starts the inning at 2nd base.
Now at 3B: Jarrett Crawford
Batting: RHB Eduardo Pabon 0-0: Intentional Walk
Batting: LHB Josh Burrowes 0-0: Ball
1-0: Ball
2-0: Ball
3-0: Called Strike
3-1: SINGLE (Line Drive, 3D, EV 107.5 MPH)
Bobby Troutt to third
Eduardo Pabon to second
Batting: RHB Ryan Carrier 0-0: Ball
1-0: Foul Ball, location: 9LSF
1-1: Ball
2-1: Fly out, F9 (Line Drive, 34D, EV 67.5 MPH)
Runner from 3rd tags up, SCORES, throw by RF
Eduardo Pabon to third
Batting: LHB Casey Faler 0-0: Called Strike
Josh Burrowes steals 2nd base
0-1: Ball
1-1: Ball
2-1: Ball
3-1: Base on Balls
Pitching: LHP Malachi Phillips
Batting: RHB Arthur Dennis 0-0: Foul Ball, location: 2F
0-1: Ball
1-1: Foul Ball, location: 2F
1-2: Ball
2-2: Strikes out swinging
Batting: RHB Jonathan Allen 0-0: Foul Ball, location: 2F
0-1: Ball
1-1: Foul Ball, location: 3F
1-2: Strikes out swinging
Top of the 10th over - 1 run, 1 hit, 0 errors, 3 left on base; Gwinnett 5 - Norfolk 4
BOTTOM OF THE 10TH
Norfolk Tides batting - Pitching for Gwinnett Braves : RHP Mark Weeks
Tom Swierczewski starts the inning at 2nd base.
Pitching: RHP Mike Whitesel
Batting: RHB Pedro Jimenez 0-0: Ball
1-0: Fly out, F3 (Popup, 3L, EV 71.9 MPH)
Batting: RHB Aaron Rego 0-0: Swinging Strike
0-1: Ball
1-1: Ball
2-1: Fly out, F8 (Line Drive, 8RM, EV 93.1 MPH)
Runner from 2nd tags up, SAFE at 3rd with throw by CF
Batting: RHB Evan Keaton 0-0: Called Strike
0-1: Swinging Strike
0-2: Ball
1-2: Strikes out looking
Bottom of the 10th over - 0 runs, 0 hits, 0 errors, 1 left on base; Gwinnett 5 - Norfolk 4
Monday, April 8th , 2024 - OOTP Baseball 24.11 Build 85